Map: 黑暗杀星

Players

jinjing

  • Race: Terran Terran
  • Spawn Location: 5:00

Nice

  • Race: Terran Terran
  • Spawn Location: 5:00

VOD

Have the link to the VOD?

Description

Time

  • Played on: March 2, 2018, 1:40 a.m.
  • Length: 17:15
Show
View Real Time Build Order
Export as new Build Order

jinjing Terran 

Build Orders:  

Get SALT Encoding   

  12  0:06  SCV  
  13  0:23  SCV  
  13  0:25  Supply Depot  
  15  0:40  SCV  
  15  0:50  Factory  
  15  0:58  SCV  
  16  1:14  Refinery  
  16  1:15  SCV  
  17  1:22  Refinery  
  18  1:32  SCV  
  18  1:41  Engineering Bay  
  18  1:49  SCV  
  19  2:06  SCV  
  20  2:23  SCV  
  20  2:29  Armory  
  22  2:40  SCV  
  22  2:41  Supply Depot  
  23  3:01  SCV  
  23  3:03  Upgrade Laser Drill Level 1  
  23  3:08  Perdition Turret  
  23  3:24  Devastation Turret  
  23  3:25  SCV  
  24  3:46  SCV  
  24  3:48  Devastation Turret  
  25  3:51  Perdition Turret  
  25  4:20  Devastation Turret  
  25  4:26  Fire-Suppression Systems, SCV  
  26  4:43  SCV  
  28  5:00  SCV  
  28  5:09  Devastation Turret  
  28  5:17  Upgrade Laser Drill Level 2  
  28  5:20  Devastation Turret  
  28  5:23  Spinning Dizzy  
  28  5:37  Command Center  
  28  5:47  SCV  
  29  5:50  Starport  
  29  6:13  Terran Vehicle and Ship Weapons Level 1  
  29  6:26  SCV  
  30  6:54  Starport Tech Reactor  
  30  6:55  SCV x2  
  32  7:04  Factory  
  32  7:05  Factory  
  32  7:07  Supply Depot  
  32  7:09  Supply Depot  
  34  7:12  SCV x2  
  34  7:23  Devastation Turret  
  34  7:24  Spinning Dizzy  
  34  7:29  SCV x2  
  35  7:46  SCV x2  
  36  7:54  Refinery  
  36  7:57  Refinery  
  35  8:03  SCV x2  
  37  8:17  Hercules x2  
  45  8:20  SCV x2  
  45  8:35  Factory Tech Reactor  
  45  8:36  Factory Tech Reactor  
  45  8:37  SCV x2  
  47  8:42  Supply Depot  
  47  8:49  Hercules x2  
  53  8:53  Terran Vehicle and Ship Weapons Level 2  
  53  8:54  SCV x2  
  57  9:11  SCV x2  
  57  9:28  Devastation Turret, SCV x2  
  57  9:29  Spinning Dizzy  
  59  9:45  SCV x2  
  63  10:01  SCV  
  63  10:02  SCV  
  63  10:28  Factory  
  63  10:39  Supply Depot  
  63  10:41  Supply Depot  
  63  10:42  Siege Tank x2  
  63  10:44  Armory  
  69  11:02  Factory x2  
  69  11:09  Siege Tank x2  
  76  11:40  SCV x2  
  76  11:54  Siege Tank  
  76  11:55  Siege Tank  
  76  11:56  Factory  
  76  11:57  Ares-Class Targeting System, SCV x2  
  76  11:59  Maelstrom Rounds  
  84  12:04  Terran Vehicle and Ship Weapons Level 3  
  84  12:18  Advanced Optics  
  84  12:21  Supply Depot  
  84  12:37  Siege Tank x2  
  90  12:57  Multi-Lock Weapons System  
  90  13:04  Siege Tank  
  93  13:16  Spinning Dizzy  
  93  13:17  Spinning Dizzy  
  93  13:22  Supply Depot  
  93  13:24  Supply Depot  
  93  13:25  Siege Tank  
  93  13:26  Supply Depot  
  93  13:40  Siege Tank  
  93  13:41  Goliath  
  93  13:52  Goliath x2  
  100  14:07  Factory  
  100  14:13  Goliath  
  100  14:16  Goliath  
  104  14:24  Goliath x2  
  108  14:38  Supply Depot, Factory Tech Reactor  
  108  14:39  Supply Depot  
  108  14:41  Supply Depot  
  108  14:45  Goliath  
  108  14:48  Siege Tank  
  113  14:56  Goliath  
  115  15:00  Goliath  
  115  15:08  Goliath  
  92  15:10  Goliath  
  119  15:17  Goliath  
  123  15:24  Goliath  
  125  15:30  Goliath  
  127  15:40  Goliath  
  127  15:45  Goliath  
  127  15:46  Goliath  
  127  16:17  Siege Tank  
  127  16:18  Siege Tank x3  
Show
View Real Time Build Order
Export as new Build Order

Nice Terran 

Build Orders:  

Get SALT Encoding   

Tags
 
Commander
RaynorSwann
Matchup
Co-op
Replay Pack
Co-op Speedrun
Add a new tag
Caveats
  • Supply blocks, unpowered buildings, or Contaminate may cause inaccurate times.
  • Supply counts are checked every 10 seconds.